TOP OF THE 1ST |
State College Spikes batting - Pitching for Boise Hawks : RHP Iehohs Inatho
|
Pitching: RHP Iehohs Inatho
|
|
Batting: RHB Ben Politi
|
0-0: Ball 1-0: Ball 2-0: SINGLE (Groundball, 4MD, EV 100.0 MPH)
|
Batting: LHB Ignacio Ocampo
|
0-0: Called Strike 0-1: Ball 1-1: Foul Ball, location: 2F 1-2: Strikes out swinging
|
Batting: LHB Ken Morehead
|
0-0: Ball 1-0: Ball Ben Politi steals 2nd base 2-0: Ball 3-0: Called Strike 3-1: Called Strike 3-2: Strikes out swinging
|
Batting: RHB Kalidas Mishra
|
0-0: 2-RUN HOME RUN (Flyball, 7D, EV 92.5 MPH), Distance : 359 ft
|
Batting: LHB Billy Lang
|
0-0: Foul Ball, location: 2F 0-1: Foul Ball, location: 2F 0-2: Ball 1-2: SINGLE (Flyball, 5D, EV 95.6 MPH)
|
Batting: RHB Kyle Burns
|
0-0: SINGLE (Flyball, 9LS, EV 86.9 MPH) Billy Lang to second Runner from 2nd tries for 3rd, SAFE, throw by RF made to third
|
Batting: RHB Bobby Miles
|
0-0: Ball 1-0: TRIPLE (Flyball, 78XD, EV 111.9 MPH) Billy Lang scores Kyle Burns scores
|
Batting: SHB Hank Arias
|
0-0: Ball 1-0: Foul Ball, location: 2F 1-1: Swinging Strike 1-2: Ball 2-2: Strikes out swinging
|
Top of the 1st over - 4 runs, 5 hits, 0 errors, 1 left on base; State College 4 - Boise 0 |
BOTTOM OF THE 1ST |
Boise Hawks batting - Pitching for State College Spikes : LHP Dustin Waller
|
Pitching: LHP Dustin Waller
|
|
Batting: LHB Seung-jun Chang
|
0-0: Ball 1-0: Ball 2-0: Ball 3-0: Called Strike 3-1: Called Strike 3-2: Base on Balls
|
Batting: LHB Iehohs Inatho
|
0-0: Foul Ball, location: 2F 0-1: Ball 1-1: Ball Seung-jun Chang steals 2nd base 2-1: Foul Ball, location: 2F 2-2: Strikes out swinging
|
Batting: LHB Mike Kara
|
0-0: Swinging Strike 0-1: DOUBLE (Groundball, 3L, EV 102.5 MPH) Seung-jun Chang scores
|
Batting: SHB Nestor Ramirez
|
0-0: Ground out 5-3 (Groundball, 56, EV 101.2 MPH)
|
Batting: RHB Corban Stavrakis
|
0-0: Foul Ball, location: 2F 0-1: Called Strike 0-2: Ball Wild Pitch! Mike Kara to third 1-2: Fly out, F7 (Line Drive, 7, EV 88.8 MPH)
|
Bottom of the 1st over - 1 run, 1 hit, 0 errors, 1 left on base; State College 4 - Boise 1 |
TOP OF THE 2ND |
State College Spikes batting - Pitching for Boise Hawks : RHP Iehohs Inatho
|
Batting: RHB Bernard Claude
|
0-0: Called Strike 0-1: Called Strike 0-2: Strikes out looking
|
Batting: RHB Ben Politi
|
0-0: Called Strike 0-1: Ground out 6-3 (Groundball, 6, EV 81.9 MPH)
|
Batting: LHB Ignacio Ocampo
|
0-0: Ball 1-0: Ball 2-0: Ball 3-0: Base on Balls
|
Batting: LHB Ken Morehead
|
0-0: Ball 1-0: Ball 2-0: Ball 3-0: Base on Balls Ignacio Ocampo to second
|
Batting: RHB Kalidas Mishra
|
0-0: Called Strike 0-1: Fly out, F8 (Line Drive, 78D, EV 95.6 MPH)
|
Top of the 2nd over - 0 runs, 0 hits, 0 errors, 2 left on base; State College 4 - Boise 1 |
BOTTOM OF THE 2ND |
Boise Hawks batting - Pitching for State College Spikes : LHP Dustin Waller
|
Batting: RHB Larry Hardman
|
0-0: Called Strike 0-1: Swinging Strike 0-2: Ball 1-2: Foul Ball, location: 2F 1-2: Reached on error, E5 (Groundball, 56, EV 85.0 MPH)
|
Batting: RHB Kevin McKasson
|
0-0: Called Strike 0-1: Ball 1-1: Ball 2-1: Called Strike 2-2: Ball 3-2: Foul Ball, location: 2F 3-2: Fly out, F8 (Flyball, 8RS, EV 81.9 MPH)
|
Batting: RHB Chris Simmons
|
0-0: Swinging Strike 0-1: Called Strike 0-2: Ball 1-2: Foul Ball, location: 2F 1-2: Ball Wild Pitch! Larry Hardman to third 2-2: Strikes out swinging
|
Batting: RHB Pei Xie
|
0-0: Called Strike 0-1: Foul Ball, location: 2F 0-2: Strikes out swinging
|
Bottom of the 2nd over - 0 runs, 0 hits, 1 error, 1 left on base; State College 4 - Boise 1 |
TOP OF THE 3RD |
State College Spikes batting - Pitching for Boise Hawks : RHP Iehohs Inatho
|
Batting: LHB Billy Lang
|
0-0: Foul Ball, location: 2F 0-1: Ball 1-1: Ball 2-1: Called Strike 2-2: Ball 3-2: Base on Balls
|
Batting: RHB Kyle Burns
|
0-0: Ball 1-0: Ball Billy Lang steals 2nd base 2-0: SINGLE (Groundball, 34D, EV 100.6 MPH) Billy Lang to third
|
Batting: RHB Bobby Miles
|
0-0: Foul Ball, location: 2F 0-1: Grounds into double play, 6-4-3 (Groundball, 6, EV 86.2 MPH) Billy Lang scores
|
Pitching: RHP Michael Conrad
|
|
Batting: SHB Hank Arias
|
0-0: Called Strike 0-1: SINGLE (Groundball, 56S, EV 76.9 MPH) (infield hit)
|
Batting: RHB Bernard Claude
|
0-0: Ball Hank Arias steals 2nd base 1-0: Ball 2-0: Ball 3-0: Called Strike 3-1: Foul Ball, location: 2F 3-2: Foul Ball, location: 2F 3-2: Strikes out looking
|
Top of the 3rd over - 1 run, 2 hits, 0 errors, 1 left on base; State College 5 - Boise 1 |
BOTTOM OF THE 3RD |
Boise Hawks batting - Pitching for State College Spikes : LHP Dustin Waller
|
Batting: LHB Seung-jun Chang
|
0-0: Called Strike 0-1: Swinging Strike 0-2: Strikes out swinging
|
Batting: LHB Iehohs Inatho
|
0-0: Foul Ball, location: 2F 0-1: Ball 1-1: Ball 2-1: Foul Ball, location: 2F 2-2: Strikes out swinging
|
Batting: LHB Mike Kara
|
0-0: Ball 1-0: Ball 2-0: Swinging Strike 2-1: Swinging Strike 2-2: Strikes out looking
|
Bottom of the 3rd over - 0 runs, 0 hits, 0 errors, 0 left on base; State College 5 - Boise 1 |
TOP OF THE 4TH |
State College Spikes batting - Pitching for Boise Hawks : RHP Michael Conrad
|
Batting: RHB Ben Politi
|
0-0: Foul Ball, location: 2F 0-1: Ball 1-1: Ground out 3-1 (Groundball, 34, EV 89.4 MPH)
|
Batting: LHB Ignacio Ocampo
|
0-0: Called Strike 0-1: SINGLE (Flyball, 5D, EV 81.2 MPH)
|
Batting: LHB Ken Morehead
|
0-0: Ball Ignacio Ocampo steals 2nd base 1-0: Ball 2-0: Ball 3-0: Base on Balls
|
Batting: RHB Kalidas Mishra
|
0-0: Foul Ball, location: 2F 0-1: Ball 1-1: Ball Wild Pitch! Ignacio Ocampo to third Ken Morehead to second 2-1: Ball 3-1: Called Strike 3-2: Base on Balls
|
Batting: LHB Billy Lang
|
0-0: Fielders Choice at 2nd, 4-6 (Groundball, 4, EV 78.8 MPH) Ignacio Ocampo scores Ken Morehead to third
|
Batting: RHB Kyle Burns
|
0-0: Ball 1-0: Called Strike 1-1: Ball Billy Lang steals 2nd base 2-1: Fly out, F8 (Line Drive, 8RM, EV 98.1 MPH)
|
Top of the 4th over - 1 run, 1 hit, 0 errors, 2 left on base; State College 6 - Boise 1 |
BOTTOM OF THE 4TH |
Boise Hawks batting - Pitching for State College Spikes : LHP Dustin Waller
|
Batting: SHB Nestor Ramirez
|
0-0: SOLO HOME RUN (Flyball, 7D, EV 97.5 MPH), Distance : 360 ft
|
Batting: RHB Corban Stavrakis
|
0-0: Foul Ball, location: 2F 0-1: Ball 1-1: Foul Ball, location: 2F 1-2: Ball 2-2: Ball 3-2: Fly out, F9 (Flyball, 89D, EV 103.1 MPH)
|
Batting: RHB Larry Hardman
|
0-0: Fly out, F7 (Line Drive, 7S, EV 103.1 MPH)
|
Batting: RHB Kevin McKasson
|
0-0: Called Strike 0-1: Ball 1-1: SINGLE (Groundball, 6MD, EV 104.4 MPH)
|
Batting: RHB Chris Simmons
|
0-0: Ball 1-0: Fly out, F7 (Flyball, 7LM, EV 86.9 MPH)
|
Bottom of the 4th over - 1 run, 2 hits, 0 errors, 1 left on base; State College 6 - Boise 2 |
TOP OF THE 5TH |
State College Spikes batting - Pitching for Boise Hawks : RHP Michael Conrad
|
Batting: RHB Bobby Miles
|
0-0: Called Strike 0-1: Ball 1-1: Ball 2-1: Called Strike 2-2: Strikes out looking
|
Batting: SHB Hank Arias
|
0-0: Reached on error, E4 (Groundball, 4, EV 90.0 MPH)
|
Batting: RHB Bernard Claude
|
0-0: Called Strike Hank Arias steals 2nd base 0-1: Ball 1-1: Swinging Strike 1-2: Foul Ball, location: 2F 1-2: Foul Ball, location: 2F 1-2: Foul Ball, location: 2F 1-2: Strikes out looking
|
Batting: RHB Ben Politi
|
0-0: Ball 1-0: Ball 2-0: Ball 3-0: Called Strike 3-1: Base on Balls
|
Batting: LHB Ignacio Ocampo
|
0-0: Called Strike 0-1: Ball 1-1: Ball 2-1: Fly out, F7 (Flyball, 78M, EV 90.0 MPH)
|
Top of the 5th over - 0 runs, 0 hits, 1 error, 2 left on base; State College 6 - Boise 2 |
BOTTOM OF THE 5TH |
Boise Hawks batting - Pitching for State College Spikes : LHP Dustin Waller
|
Batting: RHB Pei Xie
|
0-0: Called Strike 0-1: Called Strike 0-2: Foul Ball, location: 2F 0-2: Strikes out swinging
|
Batting: LHB Seung-jun Chang
|
0-0: Ball 1-0: Called Strike 1-1: Foul Ball, location: 2F 1-2: Ball 2-2: Foul Ball, location: 2F 2-2: Ball 3-2: Strikes out swinging
|
Batting: LHB Iehohs Inatho
|
0-0: Foul Ball, location: 2F 0-1: Called Strike 0-2: Ball 1-2: Ball 2-2: Ball 3-2: Strikes out swinging
|
Bottom of the 5th over - 0 runs, 0 hits, 0 errors, 0 left on base; State College 6 - Boise 2 |
TOP OF THE 6TH |
State College Spikes batting - Pitching for Boise Hawks : RHP Michael Conrad
|
Batting: LHB Ken Morehead
|
0-0: Called Strike 0-1: Foul Ball, location: 2F 0-2: Ball 1-2: Foul Ball, location: 2F 1-2: SINGLE (Line Drive, 8LS, EV 107.5 MPH)
|
Pitching: RHP Gorgonio Sigua
|
|
Batting: RHB Kalidas Mishra
|
0-0: Ball 1-0: Ball 2-0: Fly out, F9 (Flyball, 9D, EV 90.0 MPH)
|
Batting: LHB Billy Lang
|
0-0: Called Strike 0-1: Swinging Strike 0-2: Ball 1-2: Fly out, F8 (Flyball, 8RXD, EV 95.0 MPH)
|
Batting: RHB Kyle Burns
|
0-0: Called Strike 0-1: Foul Ball, location: 2F 0-2: SINGLE (Line Drive, 56, EV 100.6 MPH) Ken Morehead to second
|
Batting: RHB Bobby Miles
|
0-0: SINGLE (Flyball, 34D, EV 93.1 MPH) Ken Morehead to third Kyle Burns to second
|
Batting: SHB Hank Arias
|
0-0: Fly out, F8 (Flyball, 89M, EV 80.0 MPH)
|
Top of the 6th over - 0 runs, 3 hits, 0 errors, 3 left on base; State College 6 - Boise 2 |
BOTTOM OF THE 6TH |
Boise Hawks batting - Pitching for State College Spikes : LHP Dustin Waller
|
Pitching: LHP Andy Huguet
|
|
Batting: LHB Mike Kara
|
0-0: Ball 1-0: Ball 2-0: Called Strike 2-1: Ball 3-1: Swinging Strike 3-2: Foul Ball, location: 2F 3-2: Strikes out swinging
|
Batting: SHB Nestor Ramirez
|
0-0: Ball 1-0: Swinging Strike 1-1: Foul Ball, location: 2F 1-2: Ball 2-2: Foul Ball, location: 2F 2-2: Strikes out swinging
|
Batting: RHB Corban Stavrakis
|
0-0: Ball 1-0: Ball 2-0: Ball 3-0: Base on Balls
|
Batting: RHB Larry Hardman
|
0-0: Called Strike 0-1: Ball 1-1: Ground out 5-3 (Groundball, 56, EV 101.9 MPH)
|
Bottom of the 6th over - 0 runs, 0 hits, 0 errors, 1 left on base; State College 6 - Boise 2 |
TOP OF THE 7TH |
State College Spikes batting - Pitching for Boise Hawks : RHP Gorgonio Sigua
|
Batting: RHB Bernard Claude
|
0-0: Called Strike 0-1: Swinging Strike 0-2: Fly out, F4 (Popup, 4M, EV 64.4 MPH)
|
Batting: RHB Ben Politi
|
0-0: Foul Ball, location: 2F 0-1: Swinging Strike 0-2: Ball 1-2: Ground out U3 (Groundball, 34, EV 106.2 MPH)
|
Batting: LHB Ignacio Ocampo
|
0-0: Ball 1-0: Called Strike 1-1: Swinging Strike 1-2: Ball 2-2: Strikes out swinging
|
Top of the 7th over - 0 runs, 0 hits, 0 errors, 0 left on base; State College 6 - Boise 2 |
BOTTOM OF THE 7TH |
Boise Hawks batting - Pitching for State College Spikes : LHP Andy Huguet
|
Batting: RHB Kevin McKasson
|
0-0: Called Strike 0-1: Ball 1-1: Ball 2-1: Ball 3-1: Base on Balls
|
Batting: RHB Chris Simmons
|
0-0: Called Strike 0-1: DOUBLE (Line Drive, 7LS, EV 88.1 MPH) Kevin McKasson to third
|
Batting: RHB Pei Xie
|
0-0: Ball 1-0: Swinging Strike 1-1: Swinging Strike 1-2: Ball 2-2: Strikes out swinging
|
Pinch Hitting: RHB Shawn Weber
|
0-0: Called Strike 0-1: Foul Ball, location: 2F 0-2: Foul Ball, location: 2F 0-2: Fly out, F9 (Flyball, 9LM, EV 101.2 MPH) Runner from 3rd tags up, SCORES, no throw by RF
|
Pitching: LHP Matt Donnelly
|
|
Batting: RHB Brandon Burrell
|
0-0: Ball 1-0: Swinging Strike 1-1: Ball 2-1: Foul Ball, location: 2F 2-2: SINGLE (Groundball, 56D, EV 98.1 MPH) Chris Simmons to third Runner from 3rd tries for Home, SAFE, throw by LF to home
|
Batting: LHB Mike Kara
|
0-0: Ground out 1-3 (Groundball, 34S, EV 70.0 MPH)
|
Bottom of the 7th over - 2 runs, 2 hits, 0 errors, 1 left on base; State College 6 - Boise 4 |
TOP OF THE 8TH |
State College Spikes batting - Pitching for Boise Hawks : RHP Gorgonio Sigua
|
Now in CF: Jon Burgos
|
|
Batting: LHB Ken Morehead
|
0-0: Ball 1-0: Called Strike 1-1: Ball 2-1: Ball 3-1: Base on Balls
|
Pitching: RHP Jalen Young
|
|
Batting: RHB Kalidas Mishra
|
0-0: Ball 1-0: Called Strike 1-1: Ball 2-1: Swinging Strike 2-2: Ball 3-2: Base on Balls Ken Morehead to second
|
Batting: LHB Billy Lang
|
0-0: Called Strike 0-1: Foul Ball, location: 2F 0-2: Foul Ball, location: 2F 0-2: Ball 1-2: Grounds into double play, 4-6-3 (Groundball, 4S, EV 78.8 MPH) Ken Morehead to third
|
Batting: RHB Kyle Burns
|
0-0: Swinging Strike 0-1: Foul Ball, location: 2F 0-2: Ball 1-2: DOUBLE (Flyball, 8LXD, EV 103.1 MPH) Ken Morehead scores
|
Batting: RHB Bobby Miles
|
0-0: Ball Wild Pitch! Kyle Burns to third 1-0: Called Strike 1-1: Ball 2-1: SINGLE (Flyball, 89S, EV 91.9 MPH) Kyle Burns scores
|
Batting: SHB Hank Arias
|
0-0: Called Strike 0-1: Ball 1-1: Ball 2-1: Ball Bobby Miles steals 2nd base 3-1: Foul Ball, location: 2F 3-2: Base on Balls
|
Batting: RHB Bernard Claude
|
0-0: Called Strike 0-1: Swinging Strike 0-2: Foul Ball, location: 2F 0-2: Ball 1-2: Strikes out swinging
|
Top of the 8th over - 2 runs, 2 hits, 0 errors, 2 left on base; State College 8 - Boise 4 |
BOTTOM OF THE 8TH |
Boise Hawks batting - Pitching for State College Spikes : LHP Matt Donnelly
|
Batting: SHB Nestor Ramirez
|
0-0: Ball 1-0: Ball 2-0: Ball 3-0: Foul Ball, location: 2F 3-1: SOLO HOME RUN (Flyball, 7D, EV 95.6 MPH), Distance : 362 ft
|
Batting: RHB Corban Stavrakis
|
0-0: Ball 1-0: Foul Ball, location: 2F 1-1: Swinging Strike 1-2: Strikes out swinging, 2-3 out at first.
|
Batting: RHB Larry Hardman
|
0-0: Ball 1-0: Ball 2-0: Called Strike 2-1: Ground out 5-3 (Groundball, 56, EV 76.9 MPH)
|
Batting: RHB Kevin McKasson
|
0-0: Fly out, F7 (Line Drive, 7, EV 85.0 MPH)
|
Bottom of the 8th over - 1 run, 1 hit, 0 errors, 0 left on base; State College 8 - Boise 5 |
TOP OF THE 9TH |
State College Spikes batting - Pitching for Boise Hawks : RHP Jalen Young
|
Pitching: RHP Befikadu Mthuthuzeli
|
|
Batting: RHB Ben Politi
|
0-0: Called Strike 0-1: Foul Ball, location: 2F 0-2: Strikes out swinging
|
Batting: LHB Ignacio Ocampo
|
0-0: Fly out, F7 (Flyball, 7S, EV 92.5 MPH)
|
Batting: LHB Ken Morehead
|
0-0: Called Strike 0-1: Ball 1-1: Swinging Strike 1-2: Strikes out looking
|
Top of the 9th over - 0 runs, 0 hits, 0 errors, 0 left on base; State College 8 - Boise 5 |
BOTTOM OF THE 9TH |
Boise Hawks batting - Pitching for State College Spikes : LHP Matt Donnelly
|
Pitching: RHP Tom Daniels
|
|
Batting: RHB Chris Simmons
|
0-0: Ball 1-0: Foul Ball, location: 2F 1-1: Ball 2-1: Called Strike 2-2: DOUBLE (Flyball, 8RXD, EV 112.5 MPH)
|
Pinch Hitting: LHB Nick Ramsdell
|
0-0: Fly out, F8 (Flyball, 8LD, EV 87.5 MPH)
|
Batting: LHB Jon Burgos
|
0-0: Ball 1-0: Called Strike 1-1: Swinging Strike 1-2: Strikes out swinging
|
Batting: RHB Brandon Burrell
|
0-0: Ball 1-0: Ball 2-0: Ball 3-0: Base on Balls
|
Batting: LHB Mike Kara
|
0-0: Called Strike 0-1: Foul Ball, location: 2F 0-2: Ball 1-2: Ball 2-2: 3-RUN HOME RUN (Flyball, 9D, EV 96.9 MPH), Distance : 348 ft
|
Batting: SHB Nestor Ramirez
|
0-0: Called Strike 0-1: Swinging Strike 0-2: Ball 1-2: Ball 2-2: Strikes out swinging
|
Bottom of the 9th over - 3 runs, 2 hits, 0 errors, 0 left on base; State College 8 - Boise 8 |
TOP OF THE 10TH |
State College Spikes batting - Pitching for Boise Hawks : RHP Befikadu Mthuthuzeli
|
Now at SS: Willie Benito
|
|
Batting: RHB Kalidas Mishra
|
0-0: Ball 1-0: Called Strike 1-1: Foul Ball, location: 2F 1-2: Strikes out swinging
|
Batting: LHB Billy Lang
|
0-0: Ball 1-0: Ball 2-0: Ball 3-0: Base on Balls
|
Batting: RHB Kyle Burns
|
0-0: Ball 1-0: Swinging Strike 1-1: Ball 2-1: Ball 3-1: Base on Balls Billy Lang to second
|
Batting: RHB Bobby Miles
|
0-0: Ball 1-0: Called Strike 1-1: Swinging Strike 1-2: Foul Ball, location: 2F 1-2: Strikes out swinging
|
Batting: SHB Hank Arias
|
0-0: Called Strike 0-1: Foul Ball, location: 2F 0-2: Foul Ball, location: 2F 0-2: Ball 1-2: Foul Ball, location: 2F 1-2: TRIPLE (Flyball, 89XD, EV 101.9 MPH) Billy Lang scores Kyle Burns scores
|
Batting: RHB Bernard Claude
|
0-0: Called Strike 0-1: Ball 1-1: Swinging Strike 1-2: Strikes out looking
|
Top of the 10th over - 2 runs, 1 hit, 0 errors, 1 left on base; State College 10 - Boise 8 |
BOTTOM OF THE 10TH |
Boise Hawks batting - Pitching for State College Spikes : RHP Tom Daniels
|
Pitching: RHP Dustin Hensley
|
|
Now at 2B: Bernard Claude
|
|
Now at SS: Ricky Yerzy
|
|
Now in LF: Mario Mendoza
|
|
Now in CF: Hank Arias
|
|
Batting: RHB Corban Stavrakis
|
0-0: Swinging Strike 0-1: Called Strike 0-2: Ball 1-2: Strikes out swinging
|
Batting: RHB Larry Hardman
|
0-0: Ball 1-0: Ball 2-0: Ball 3-0: Base on Balls
|
Batting: RHB Kevin McKasson
|
0-0: Ball 1-0: Called Strike 1-1: Foul Ball, location: 2F 1-2: SINGLE (Groundball, 56D, EV 111.2 MPH) Larry Hardman to second
|
Batting: RHB Chris Simmons
|
0-0: Fly out, F6 (Line Drive, 6, EV 71.9 MPH)
|
Batting: RHB Willie Benito
|
0-0: Called Strike 0-1: Swinging Strike 0-2: Ball 1-2: Ball 2-2: Foul Ball, location: 2F 2-2: Strikes out swinging
|
Bottom of the 10th over - 0 runs, 1 hit, 0 errors, 2 left on base; State College 10 - Boise 8 |
|